 Dungeon Crawl Stone Soup version 0.25.1-2-g60ff931df9 (webtiles) character file.

Game seed: 11971991365676874493

2400 lepoulpe303 the Thaumaturge (level 9, 0/39 HPs)
             Began as a Spriggan Earth Elementalist on Sept 14, 2020.
             Killed by divine providence
             ... invoked by an orc priest
              (14 damage)
             ... on level 7 of the Dungeon.
             The game lasted 00:23:04 (7153 turns).

lepoulpe303 the Thaumaturge (SpEE)                  Turns: 7153, Time: 00:23:05

Health: 0/39       AC:  4    Str:  4    XL:     9   Next: 23%
Magic:  20/22      EV: 22    Int: 26    God:
Gold:   337        SH:  0    Dex: 16    Spells: 11/24 levels left

rFire    . . .     SeeInvis +   a - +2 dagger (venom)
rCold    . . .     Gourm    .   (shield restricted)
rNeg     . . .     Faith    .   c - +0 robe
rPois    .         Spirit   .   l - +2 hat
rElec    .         Reflect  .   r - scarf {repulsion}
rCorr    .         Harm     .   (gloves unavailable)
MR       +....                  (boots unavailable)
Stlth    ++++......             (no amulet)
HPRegen  0.13/turn              y - +6 ring of intelligence
MPRegen  0.18/turn              (no ring)

@: repel missiles, very quick
A: very small, unfitting armour, see invisible, herbivore, speed 3, slow
metabolism 2
a: no special abilities


You were on level 7 of the Dungeon.
You were not hungry.

You visited 1 branch of the dungeon, and saw 7 of its levels.

You collected 337 gold pieces.

Inventory:

Hand Weapons
 a - a +2 dagger of venom (weapon)
 b - a +2 short sword
Missiles
 p - 3 atropa-tipped darts
 Q - 47 stones (quivered)
Armour
 c - a +0 robe (worn)
 l - a +2 hat (worn)
 r - a scarf of repulsion (worn)
Jewellery
 y - a +6 ring of intelligence (left hand)
Wands
 q - a wand of disintegration (6)
 D - a wand of digging (3)
Scrolls
 i - 7 scrolls of identify
 j - a scroll of magic mapping {unknown}
 k - a scroll of immolation {unknown}
 o - a scroll of fog {unknown}
 t - 5 scrolls of teleportation
 u - a scroll of fear {unknown}
 v - a scroll of amnesia {unknown}
 w - 2 scrolls of remove curse
 z - a scroll of enchant armour {unknown}
Potions
 d - a potion of lignification {!q}
 f - a potion of brilliance
 g - 3 potions of curing
 h - a potion of haste {unknown}
 m - 2 potions of berserk rage {!q}
 n - a potion of resistance
 s - a potion of cancellation
 x - a potion of might {unknown}
 A - a potion of degeneration {unknown}
 B - a potion of experience {unknown}
Comestibles
 e - 6 rations


   Skills:
 + Level 4.5 Short Blades
 + Level 7.1 Dodging
 + Level 7.5 Stealth
 * Level 8.0 Spellcasting
 * Level 4.4 Hexes
 - Level 1.3 Transmutations
 * Level 6.4 Earth Magic


You had 11 spell levels left.
You knew the following spells:

 Your Spells              Type           Power        Failure   Level  Hunger
a - Sandblast             Erth           #####.       1%          1    None
b - Petrify               Tmut/Erth      ####....     12%         4    ##.....
c - Confusing Touch       Hex            ####....     2%          3    None
w - Passwall              Tmut/Erth      ####....     1%          2    None
x - Stone Arrow           Conj/Erth      ####..       4%          3    None

Your spell library contained the following spells:

 Spells                   Type           Power        Failure   Level  Hunger
 Shock                    Conj/Air       ##..         5%          1    None
 Swiftness                Chrm/Air       ##......     9%          2    None
 Lee's Rapid Deconstruct  Erth           #####.....   12%         5    ####...
 Gell's Gravitas          Tloc           ##........   17%         3    None
 Static Discharge         Conj/Air       ##......     17%         3    None
 Yara's Violent Unravell  Hex/Tmut       ####......   43%         5    ####...
 Airstrike                Air            ##........   50%         4    ##.....
 Metabolic Englaciation   Hex/Ice        ###.......   54%         5    ####...
 Lightning Bolt           Conj/Air       ##........   83%         5    ####...


Dungeon Overview and Level Annotations

Branches:
Dungeon (7/15)
 Temple: D:4-7

Altars:
Elyvilon
Fedhas
Nemelex Xobeh
Qazlal
Uskayaw
Vehumet
Yredelemnul
Zin


Innate Abilities, Weirdness & Mutations

You are very small and have problems with some larger weapons.
You are too small for most types of armour.
You have supernaturally acute eyesight. (SInv)
You are a herbivore.
You cover ground extremely quickly.
You need to consume almost no food.


Message History

You kill the scorpion!
Q - 47 stones The kobold shouts!
You hear a shout!
You now have 18/22 mp.
You see here a leather armour.
You closely miss the kobold. The kobold misses you.
You barely miss the kobold. You hit the kobold but do no damage.
You hit the kobold but do no damage.
The kobold is poisoned.
The kobold closely misses you.
You barely miss the kobold.
The orc priest calls down the wrath of Beogh upon you.
Pain shoots through your body!
* * * LOW HITPOINT WARNING * * *
You see here a leather armour.
You take 5 damage, and have 13/39 hp.
You see here an arrow.
The orc priest invokes the aid of Beogh against you.
Beogh smites you!
You die...

#..# #.##
#..##########..#
#..............#
#...##########.# #...#
#.#
#...##########.#######
#...†........#........
##...)<.).#.......####
#..#####@#.......#
#..#####(#.......##
#÷.....†[...........
#..####.K#..........
#..####..#.......##>#
#................# .#
#.#...o..##.....##
#.#.#.'#######'.#
#.....# #.#


You could see an orc priest and a kobold (very poisoned, slow).

Levels and vault maps discovered:
D:1:      minmay_arrival_three_doors, layout_basic
D:2:      layout_basic, elyvilon_altar_5, lemuel_crystal_altar,
          lemuel_coloured_pillars_altar
D:3:      layout_basic, lemuel_doored_altar, nicolae_qazlal_general_emergency
D:4:      layout_basic, first_ration, ebering_ghost_reflecting_pool
D:5:      layout_rooms, kennysheep_mini, zin_statuary,
          kennysheep_generic_room_9, uniq_pikel
D:6:      layout_loops_ring, small_statue_intersection,
          kennysheep_cross_bottleneck
D:7:      layout_loops_ring, nicolae_ru_great_annihilating_truth,
          yredelemnul_altar_generic, minmay_temple_entry_gardened_gates,
          serial_shops, shop, grunt_ogre_cave

Notes
Turn   | Place    | Note
-------+----------+-------------------------------------------
     0 | D:1      | lepoulpe303 the Spriggan Earth Elementalist began the quest
                  | for the Orb.
     0 | D:1      | Reached XP level 1. HP: 9/9 MP: 5/5
   136 | D:1      | Identified a +0 whip
   159 | D:1      | Identified a +0 club
   167 | D:1      | Identified a +0 short sword (You found it on level 1 of the
                  | Dungeon)
   226 | D:1      | Identified a +0 club
   233 | D:1      | Reached skill level 3 in Spellcasting
   233 | D:1      | Reached XP level 2. HP: 13/13 MP: 7/7
   237 | D:1      | Learned a level 2 spell: Passwall
   390 | D:1      | Identified a +0 short sword
   780 | D:2      | Found a sparkling altar of Nemelex Xobeh.
   782 | D:2      | Identified a +0 club
   792 | D:2      | Reached skill level 3 in Earth Magic
   805 | D:2      | Identified a +0 club
  1065 | D:2      | Reached XP level 3. HP: 13/16 MP: 8/8
  1070 | D:2      | Learned a level 3 spell: Stone Arrow
  1072 | D:2      | Found a white marble altar of Elyvilon.
  1426 | D:2      | Found a radiant altar of Vehumet.
  1475 | D:2      | Identified a +0 dagger
  1483 | D:2      | Reached skill level 1 in Short Blades
  2092 | D:3      | Identified a +0 club
  2102 | D:3      | Identified a +0 hand axe
  2102 | D:3      | Identified a +0 leather armour
  2187 | D:3      | Found a stormy altar of Qazlal.
  2200 | D:3      | Identified a +2 hat (You found it on level 3 of the
                  | Dungeon)
  2205 | D:3      | Identified a +3 battleaxe
  2205 | D:3      | Identified a +0 robe
  2256 | D:3      | Reached skill level 4 in Spellcasting
  2256 | D:3      | Reached XP level 4. HP: 21/21 MP: 2/11
  2568 | D:3      | Identified a +0 club
  2602 | D:3      | Found a blossoming altar of Fedhas.
  2609 | D:3      | Identified a +0 battleaxe
  2609 | D:3      | Identified a +0 robe
  2610 | D:3      | Identified a +0 whip
  2610 | D:3      | Identified a +3 flail
  2610 | D:3      | Identified a +0 robe
  2610 | D:3      | Identified a cursed +3 long sword of freezing
  2610 | D:3      | Identified a +0 robe
  2700 | D:3      | Identified a cursed +2 short sword
  2700 | D:3      | Identified a +0 robe
  2728 | D:3      | Reached skill level 4 in Dodging
  2728 | D:3      | Reached skill level 4 in Stealth
  2728 | D:3      | Reached XP level 5. HP: 19/24 MP: 0/12
  3132 | D:3      | Reached skill level 2 in Short Blades
  3132 | D:3      | Reached skill level 4 in Earth Magic
  3132 | D:3      | Reached XP level 6. HP: 28/28 MP: 1/14
  3149 | D:3      | Identified a +0 club
  3160 | D:3      | Identified a +0 war axe
  3189 | D:3      | HP: 7/28 [orc priest/+0 war axe (5)]
  3383 | D:3      | Identified a cursed -2 short sword
  3396 | D:3      | Identified a +0 hand axe
  3396 | D:3      | Identified a +0 leather armour
  3416 | D:3      | Identified a +0 dagger
  3416 | D:3      | Identified a +0 robe
  3416 | D:3      | Identified a +0 mace
  3417 | D:3      | Identified a +0 club
  3417 | D:3      | Identified a +0 leather armour
  3418 | D:3      | Identified a +0 flail
  3418 | D:3      | Identified a +0 leather armour
  3419 | D:3      | Identified a +0 mace
  3419 | D:3      | Identified a +0 leather armour
  3435 | D:3      | Reached skill level 5 in Spellcasting
  3917 | D:4      | Identified 3 scrolls of identify
  3917 | D:4      | Identified a ring of teleportation (You found it on level 1
                  | of the Dungeon)
  3946 | D:4      | Identified a cursed -1 dagger
  3946 | D:4      | Identified a +0 robe
  3946 | D:4      | Identified a cursed -2 flail
  3946 | D:4      | Identified a +0 mace
  3946 | D:4      | Identified a +0 leather armour
  3946 | D:4      | Identified a +0 dagger
  4111 | D:4      | Identified a +0 club
  4111 | D:4      | Identified a +0 ring mail
  4118 | D:4      | Reached skill level 5 in Stealth
  4284 | D:5      | Entered Level 5 of the Dungeon
  4290 | D:5      | Noticed a slave
  4290 | D:5      | Noticed a slave
  4292 | D:5      | Identified a +1 whip of flaming
  4292 | D:5      | Identified a +0 robe
  4292 | D:5      | Noticed Pikel
  4309 | D:4      | Killed a slave
  4312 | D:4      | HP: 6/28 [slave[Pikel] (6)]
  4317 | D:4      | Killed a slave
  4558 | D:5      | Noticed a slave
  4602 | D:4      | Killed Pikel
  4602 | D:4      | Reached skill level 3 in Short Blades
  4602 | D:4      | Reached skill level 5 in Dodging
  4602 | D:4      | Reached skill level 6 in Spellcasting
  4602 | D:4      | Reached skill level 5 in Earth Magic
  4602 | D:4      | Reached XP level 7. HP: 30/32 MP: 6/17
  4628 | D:5      | Identified a +0 shortbow
  4632 | D:5      | HP: 5/32 [centaur/arrow (15)]
  4915 | D:5      | Reached skill level 6 in Stealth
  4924 | D:5      | Identified a +0 trident
  4925 | D:5      | Identified a +0 flail
  4925 | D:5      | Identified a cursed +0 ring mail
  4965 | D:5      | Learned a level 3 spell: Confusing Touch
  5188 | D:5      | Identified a scarf of repulsion (You found it on level 5 of
                  | the Dungeon)
  5272 | D:5      | Identified a potion of brilliance
  5273 | D:5      | Identified a potion of lignification
  5274 | D:5      | Identified a potion of resistance
  5275 | D:5      | Identified a potion of cancellation
  5276 | D:5      | Identified a potion of berserk rage
  5277 | D:5      | Identified 6 scrolls of teleportation
  5394 | D:5      | Reached XP level 8. HP: 31/36 MP: 18/18
  5425 | D:5      | Found a glowing silver altar of Zin.
  5544 | D:5      | Found a hide-covered altar of Uskayaw.
  5578 | D:6      | Reached skill level 6 in Dodging
  5586 | D:6      | Reached skill level 1 in Hexes
  5874 | D:6      | Identified a +0 giant club
  5879 | D:6      | Reached skill level 2 in Hexes
  5920 | D:6      | Reached skill level 7 in Spellcasting
  6357 | D:6      | Identified 3 scrolls of remove curse
  6358 | D:6      | Identified a ring of intelligence (You found it on level 6
                  | of the Dungeon)
  6359 | D:6      | Identified a +2 dagger of venom (You found it on level 5 of
                  | the Dungeon)
  6417 | D:7      | Found a basalt altar of Yredelemnul.
  6418 | D:7      | Identified a +0 shortbow
  6435 | D:7      | Identified a +0 club
  6437 | D:7      | Identified a cursed +0 club
  6437 | D:7      | Identified a +1 leather armour of cold resistance
  6438 | D:7      | Identified a +0 short sword
  6438 | D:7      | Identified a +0 ring mail
  6484 | D:7      | Noticed a hippogriff
  6646 | D:7      | Identified a +0 shortbow
  6705 | D:7      | Noticed a hippogriff
  6739 | D:7      | Reached skill level 4 in Short Blades
  6739 | D:7      | Reached skill level 3 in Hexes
  6802 | D:7      | Killed a hippogriff
  6802 | D:7      | Reached skill level 7 in Stealth
  6802 | D:7      | Reached skill level 6 in Earth Magic
  6988 | D:7      | Reached XP level 9. HP: 39/39 MP: 18/21
  6994 | D:7      | Learned a level 4 spell: Petrify
  7004 | D:7      | Identified a +0 club
  7004 | D:7      | Identified a +0 flail
  7004 | D:7      | Identified a +0 long sword
  7004 | D:7      | Identified a +0 plate armour
  7059 | D:7      | Identified a +0 dagger
  7059 | D:7      | Identified a +0 robe
  7107 | D:7      | Reached skill level 7 in Dodging
  7107 | D:7      | Reached skill level 4 in Hexes
  7123 | D:7      | Reached skill level 8 in Spellcasting
  7153 | D:7      | Killed from afar by an orc priest

Table legend:
 A = Turns spent in this place as a percentage of turns spent in the entire game.
 B = Non-inter-level travel turns spent in this place as a percentage of non-inter-level travel turns spent in the entire game.
 C = Inter-level travel turns spent in this place as a percentage of turns spent in this place.
 D = Turns resting spent in this place as a percentage of non-inter-level travel turns spent in this place.
 E = Turns spent auto-exploring this place as a percentage of non-inter-level travel turns spent in this place.
 F = Non-inter-level travel turns spent in this place divided by the number of levels of this place that you've seen.
                   A       B       C       D       E      F
               +-------+-------+-------+-------+-------+----------------------
         Total | 100.0 | 100.0 |   4.3 |  35.6 |  38.2 | 978.1
       Dungeon | 100.0 | 100.0 |   4.3 |  35.6 |  38.2 | 978.1
               +-------+-------+-------+-------+-------+----------------------

Table legend:
 A = Kills in this place as a percentage of kills in entire the game.
 B = Kills by you in this place as a percentage of kills by you in the entire game.
 C = Kills by friends in this place as a percentage of kills by friends in the entire game.
 D = Other kills in this place as a percentage of other kills in the entire game.
 E = Experience gained in this place as a percentage of experience gained in the entire game.
 F = Experience gained in this place divided by the number of levels of this place that you have seen.
                   A       B       C       D       E      F
               +-------+-------+-------+-------+-------+----------------------
         Total | 100.0 | 100.0 |   N/A |   N/A | 100.0 | 489.9
       Dungeon | 100.0 | 100.0 |   N/A |   N/A | 100.0 | 489.9
               +-------+-------+-------+-------+-------+----------------------

Skill      XL: |  1  2  3  4  5  6  7  8  9 |
---------------+----------------------------+-----
Spellcasting   | 3 4 6 7 8 |  8.0
Earth Magic    | 3 4 5 6 |  6.4
Short Blades   | 1 2 3 4 |  4.5
Dodging        | 4 5 6 7 |  7.1
Stealth        | 4 5 6 7 |  7.5
Hexes          | 3 4 |  4.4
Transmutations | |  1.3

Action                   |  1- 3 |  4- 6 |  7- 9 || total
-------------------------+-------+-------+-------++-------
Melee: Unarmed           |     5 |       |       ||     5
       Short sword       |   105 |   151 |   112 ||   368
       Dagger            |       |       |    56 ||    56
 Cast: Sandblast         |    33 |    90 |    39 ||   162
  Use: Scroll            |       |     1 |     7 ||     8
 Stab: Sleeping          |     6 |     9 |     6 ||    21
  Eat: Ration            |       |     1 |     1 ||     2
Armor: Robe              |    10 |    28 |    18 ||    56
Dodge: Dodged            |   106 |   160 |   164 ||   430
       Repelled          |       |       |     2 ||     2

Vanquished Creatures
  Pikel (D:4)
  2 hippogriffs (D:7)
  A hungry ghost (D:6)
  A phantom (D:7)
  An orc warrior (D:6)
  2 slaves (D:4)
  An ogre (D:6)
  2 centaurs (D:7)
  A scorpion (D:7)
  4 killer bees
  5 wights (D:3)
  A bullfrog zombie (D:6)
  5 crimson imps
  A jelly (D:3)
  2 orc priests
  A centaur skeleton (D:6)
  A hound (D:5)
  3 orc wizards
  An iguana (D:6)
  A worker ant (D:6)
  A hound zombie (D:5)
  A howler monkey zombie (D:6)
  2 adders
  A shadow imp (D:5)
  An ooze (D:2)
  An adder skeleton (D:6)
  2 worms (D:2)
  2 leopard geckos (D:3)
  18 orcs
  8 bats
  4 giant cockroaches
  6 hobgoblins
  10 jackals
  3 quokkas
  2 ball pythons
  5 frilled lizards
  7 goblins
  A jackal skeleton (D:5)
  7 kobolds
  A leopard gecko zombie (D:5)
  5 rats
125 creatures vanquished.

Vanquished Creatures (others)
  A centaur (D:5)
  A howler monkey (D:5)
  A bullfrog zombie (D:5)
  2 adders (D:5)
  3 orcs (D:5)
  A jackal zombie (D:5)
9 creatures vanquished.

Grand Total: 134 creatures vanquished
